 Dungeon Crawl Stone Soup version 0.20.1-1-g8b1a95d (webtiles) character file.

77 Berahthraban the Conjurer (level 4, -1/32 HPs)
             Began as a Human Conjurer on Sept 17, 2017.
             Slain by a hound (5 damage)
             ... on level 3 of the Dungeon.
             The game lasted 00:07:09 (1575 turns).

Berahthraban the Conjurer (Human Conjurer)          Turns: 1575, Time: 00:07:10

Health: -1/32      AC:  3    Str:  9    XL:     4   Next: 60%
Magic:  1/7        EV: 13    Int: 16    God:
Gold:   66         SH:  0    Dex: 13    Spells: 4/7 levels left

rFire    . . .     SeeInvis .   k - +0 falchion
rCold    . . .     Gourm    .   (no shield)
rNeg     . . .     Faith    .   a - +0 robe
rPois    .         Spirit   .   (no helmet)
rElec    .         Reflect  .   e - +0 cloak
rCorr    .         Harm     .   (no gloves)
MR       .....                  (no boots)
Stlth    ++........             (no amulet)
Regen    0.1/turn               (no ring)
MPRegen  0.1/turn               (no ring)

@: no status effects
A: no striking features
a: no special abilities


You were on level 3 of the Dungeon.
You were not hungry.

You visited 1 branch of the dungeon, and saw 3 of its levels.

You collected 66 gold pieces.

Inventory:

Hand Weapons
 d - a +4 whip
 k - a +0 falchion (weapon)
Armour
 a - a +0 robe (worn)
 e - a +0 cloak (worn)
Magical Staves
 s - an uncursed staff of poison
Scrolls
 g - a scroll of enchant weapon
 h - a scroll of identify
 j - a scroll of fear {unknown}
 l - 2 scrolls of teleportation {unknown}
 m - a scroll of recharging {unknown}
 o - a scroll of magic mapping {unknown}
 q - 3 scrolls of enchant armour {unknown}
Potions
 i - a potion of ambrosia {unknown}
 n - a potion of heal wounds {unknown}
 p - a potion of berserk rage {unknown}
Books
 b - a book of Conjurations

   Spells                             Type                      Level
   a - Magic Dart                     Conjuration                  1
   b - Searing Ray                    Conjuration                  2
   c - Dazzling Spray                 Conjuration/Hexes            3
   d - Fulminant Prism                Conjuration/Hexes            4
   e - Force Lance                    Conjuration/Translocation    4
   f - Iskenderun's Mystic Blast      Conjuration                  4
Comestibles
 c - 3 bread rations
 f - a royal jelly
 r - 2 fruits
 t - 3 chunks of flesh


   Skills:
 + Level 1.2 Fighting
 + Level 0.2 Long Blades
 * Level 3.3 Dodging
 + Level 2.0 Stealth
 + Level 2.1 Spellcasting
 * Level 4.5 Conjurations


You had 4 spell levels left.
You knew the following spells:

 Your Spells              Type           Power        Failure   Level  Hunger
a - Magic Dart            Conj           ###.         3%          1    #......
b - Searing Ray           Conj           ###...       4%          2    ###....


Dungeon Overview and Level Annotations

Branches:
Dungeon (3/15)

Altars:
Ashenzari
Trog
The Shining One

Annotations:
D:1 cleared
D:2 cleared


Message History

You hit the hound.
The hound is severely wounded.
You hit the hound.
The hound is almost dead.
The hound bites you. The hound barely misses you.
You hit the hound but do no damage.
The hound is almost dead.
The hound misses you. The hound barely misses you.
You riposte.
You miss the hound.
The hound is almost dead.
You miss the hound.
The hound is almost dead.
The hound bites you.
* * * LOW HITPOINT WARNING * * *
The hound bites you.
* * * LOW HITPOINT WARNING * * *
You hit the hound but do no damage.
The hound is almost dead.
The hound bites you.
You die...

... ...
... #.#
... #.#
#.# #h#
#@#
###.####
#<.....#
#.#.##.#
.....# #
###.##.
#.# .#
#.# .#
#.. ..


You could see a hound.

Vanquished Creatures
  4 adders
  A worm (D:2)
  A dart slug (D:1)
  2 leopard geckos (D:1)
  A ball python (D:1)
  4 giant cockroaches
  3 goblins
  4 hobgoblins
  A quokka (D:2)
  3 frilled lizards (D:2)
  8 kobolds
  4 rats
36 creatures vanquished.

Notes
Turn   | Place    | Note
-------+----------+-------------------------------------------
     0 | D:1      | Berahthraban the Human Conjurer began the quest for the Orb.
     0 | D:1      | Reached XP level 1. HP: 13/13 MP: 3/3
   160 | D:1      | Reached XP level 2. HP: 12/19 MP: 0/5
   168 | D:1      | Learned a level 2 spell: Searing Ray
   450 | D:1      | Found a glowing golden altar of the Shining One.
   848 | D:2      | Reached XP level 3. HP: 24/25 MP: 1/6
   924 | D:2      | Reached skill level 1 in Fighting
  1041 | D:2      | Found a shattered altar of Ashenzari.
  1044 | D:2      | Found a bloodstained altar of Trog.
  1200 | D:2      | Reached XP level 4. HP: 32/32 MP: 4/7
  1575 | D:3      | Slain by a hound

Skill      XL: |  1  2  3 |
---------------+----------+-----
Fighting       | 1 |  1.2
Dodging        | 3 |  3.3
Long Blades    | |  0.2
Stealth        | |  2.0
Spellcasting   | |  2.1
Conjurations   | |  4.5

Action                   |  1- 3 |  4- 6 || total
-------------------------+-------+-------++-------
Melee: Whip              |    22 |       ||    22
       Falchion          |     7 |    31 ||    38
 Cast: Magic Dart        |    18 |     6 ||    24
       Searing Ray       |    11 |     2 ||    13
  Use: Scroll            |     2 |     1 ||     3
 Stab: Sleeping          |     1 |     1 ||     2
  Eat: Chunk             |     2 |     1 ||     3
Armor: Robe              |     4 |     8 ||    12
Dodge: Dodged            |    25 |    33 ||    58
       Rpst.: Falchion   |     3 |    10 ||    13
